 Dungeon Crawl Stone Soup version 0.19.1 (webtiles) character file.

244 pichaelthompson the Skirmisher (level 5, 0/42 HPs)
             Began as a Demonspawn Abyssal Knight on Dec 20, 2016.
             Was a Believer of Lugonu.
             Slain by a worm (7 damage)
             ... on level 3 of the Dungeon.
             The game lasted 00:13:47 (2909 turns).

pichaelthompson the Skirmisher (DsAK)               Turns: 2909, Time: 00:13:48

Health: 0/42       AC:  7    Str: 12    XL:     5   Next: 83%
Magic:  0/6        EV: 14    Int: 14    God:    Lugonu [**....]
Gold:   168        SH:  0    Dex: 13    Spells: 0 memorised, 4 levels left

rFire  . . .     SeeInvis .     z - +1 flail (crush)
rCold  . . .     Gourm    .     b - +0 leather armour
rNeg   . . .     Faith    .     (no shield)
rPois  .         Spirit   +     (helmet restricted)
rElec  .         Reflect  .     r - +0 cloak
rCorr  +         Harm     .     u - +0 pair of gloves
MR     +....                    q - +1 pair of boots
Stlth  +.........               f - amulet of guardian spirit
                                e - ring of protection from magic
                                x - ring of resist corrosion

@: no status effects
A: horns 1, repulsion field 1, spiny 1
a: Depart the Abyss, Bend Space, Renounce Religion


You were on level 3 of the Dungeon.
You worshipped Lugonu.
Lugonu was pleased with you.
You were not hungry.

You visited 1 branch of the dungeon, and saw 3 of its levels.
You visited the Abyss 1 time.

You collected 168 gold pieces.

Inventory:

Hand Weapons
 a - a +1 hand axe
 z - a +1 flail of crushing (weapon)
Missiles
 l - 5 javelins (quivered)
Armour
 b - a +0 leather armour (worn)
 q - a +1 pair of boots (worn)
 r - a +0 cloak (worn)
 u - a +0 pair of gloves (worn)
Jewellery
 d - an uncursed ring of flight
 e - a ring of protection from magic (right hand)
 f - an amulet of guardian spirit (around neck)
 m - an uncursed ring of see invisible
 x - a ring of resist corrosion (left hand)
Wands
 w - a wand of random effects (19/48)
Scrolls
 j - a scroll of remove curse {unknown}
 k - a scroll of enchant armour {unknown}
 v - a scroll of teleportation
 y - 2 scrolls of blinking {unknown}
Potions
 g - a potion of curing {unknown}
 h - 2 potions of heal wounds
 p - a potion of berserk rage
Comestibles
 c - a bread ration
 n - a meat ration
 t - 6 chunks of flesh


   Skills:
 + Level 4.0 Fighting
 - Level 3.5 Axes
 * Level 0.5(2.2) Maces & Flails
 + Level 2.4 Armour
 + Level 2.5 Dodging
 + Level 1.2 Stealth
 + Level 2.6 Invocations


You had 4 spell levels left.
You didn't know any spells.

Dungeon Overview and Level Annotations

Branches:
Dungeon (3/15)

Altars:
Dithmenos


Innate Abilities, Weirdness & Mutations

You have a pair of small horns on your head.
You are surrounded by a mild repulsion field. (EV +2)
You are partially covered in sharp spines.


Message History

You kill the frilled lizard!
Lugonu accepts your kill.
The goblin no longer looks unusually strong.
The goblin is struck by your spines.
You kill the goblin!
Lugonu accepts your kill. The worm misses you.
You barely miss the goblin. Your headbutt misses the goblin.
The goblin barely misses you. The goblin hits you.
You sock the goblin!
You kill the goblin!
Lugonu accepts your kill.
Your Fighting skill increases to level 4!
The kobold throws a stone.
The stone barely misses you. The worm is struck by your spines.
The worm bites you!
* * * LOW HITPOINT WARNING * * *
You hit the worm. You headbutt the worm.
The worm is severely wounded.
The worm is struck by your spines. The worm bites you!
You die...

....#
#...............
....#
#...............
....#
#..........#
.....
#........###
....# #........#
....# #.#....#.#
....# #.#....#.#
##### ..#....#)#
#.##....#@#
........ww#
...###.K.......
###....g..
.#..... .......
#...... .. ...
......


You could see 2 worms and a kobold.

Vanquished Creatures
  A scorpion (D:3)
  Terence (D:2)
  Robin (D:3)
  8 adders
  3 worms (D:2)
  9 giant cockroaches
  17 goblins
  8 hobgoblins
  7 jackals
  4 kobolds
  9 bats
  4 frilled lizards
  4 rats
76 creatures vanquished.

Notes
Turn   | Place    | Note
-------+----------+-------------------------------------------
     0 | Abyss:1  | pichaelthompson the Demonspawn Abyssal Knight began the quest for the Orb.
     0 | Abyss:1  | Reached XP level 1. HP: 18/18 MP: 2/2
    84 | Abyss:1  | Noticed a hellwing
    84 | Abyss:1  | Noticed a ynoxinul
    85 | D:1      | Escaped the Abyss
   230 | D:1      | Reached * piety under Lugonu
   235 | D:1      | Gained mutation: You are partially covered in sharp spines. [demonic ancestry]
   235 | D:1      | Reached XP level 2. HP: 15/24 MP: 3/3
   811 | D:2      | Reached skill level 1 in Dodging
  1248 | D:2      | Found a shadowy altar of Dithmenos.
  1276 | D:2      | Gained mutation: You are surrounded by a mild repulsion field. (EV +2) [demonic ancestry]
  1276 | D:2      | Reached XP level 3. HP: 28/29 MP: 4/4
  1489 | D:2      | Noticed Terence
  1508 | D:2      | Killed Terence
  1661 | D:2      | Reached XP level 4. HP: 37/37 MP: 5/5
  2596 | D:3      | Gained mutation: You have a pair of small horns on your head. [demonic ancestry]
  2596 | D:3      | Reached XP level 5. HP: 7/42 MP: 3/6
  2777 | D:3      | Reached ** piety under Lugonu
  2886 | D:3      | Noticed Robin
  2892 | D:3      | Reached skill level 1 in Stealth
  2903 | D:3      | Killed Robin
  2908 | D:3      | Reached skill level 4 in Fighting
  2909 | D:3      | Slain by a worm

Skill      XL: |  1  2  3  4  5 |
---------------+----------------+-----
Axes           | 2 3 |  3.5
Dodging        | 1 2 |  2.5
Armour         | 2 |  2.4
Stealth        | 1 |  1.2
Fighting       | 4 |  4.0
Maces & Flails | |  0.5
Invocations    | |  2.6

Action                   |  1- 3 |  4- 6 || total
-------------------------+-------+-------++-------
Melee: Hand axe          |    80 |    66 ||   146
       Flail             |       |    24 ||    24
       Headbutt          |       |     2 ||     2
Invok: Depart the Abyss  |     1 |       ||     1
  Use: Scroll            |       |     4 ||     4
       Potion            |       |     1 ||     1
  Eat: Chunk             |     2 |     4 ||     6
Armor: Leather armour    |    35 |    34 ||    69
Dodge: Dodged            |    71 |    84 ||   155
